 Dungeon Sprint DCSS version 0.27.1 (webtiles) character file.

Game seed: 5827612871218214064

774 styxcanada the Unseen (level 7, 0/37 HPs)
             Began as a Spriggan Brigand on Aug 27, 2021.
             Was an Initiate of Gozag.
             Killed from afar by a burning bush (13 damage)
             ... with a puff of flame
             ... in the Dungeon (Sprint IV: "Fedhas' Mad Dash").
             The game lasted 00:05:00 (962 turns).

styxcanada the Unseen (Spriggan Brigand)             Turns: 962, Time: 00:05:01

Health: 0/37       AC:  3    Str:  7    XL:     7   Next: 53%
Magic:  16/16      EV: 21    Int: 12    God:    Gozag
Gold:   277        SH:  0    Dex: 19    Spells: 14/17 levels left

rFire    . . .     SeeInvis +   a - +2 dagger
rCold    . . .     Faith    .   (shield restricted)
rNeg     . . .     Spirit   .   b - +0 robe
rPois    .         Reflect  .   (helmet restricted)
rElec    .         Harm     .   c - +0 cloak
rCorr    .         Rampage  .   (gloves unavailable)
Will     +....     NoTele   +   (boots unavailable)
Stlth    +++++++...             j - amulet of invisibility {+Inv}
HPRegen  0.12/turn              (no ring)
MPRegen  0.15/turn              (no ring)

@: very slightly contaminated, invisible, very quick
A: very small, no large weapons, unfitting armour, see invisible, speed 3
a: Renounce Religion, Evoke Invisibility, Potion Petition, Call Merchant, Bribe
Branch


You were in the Dungeon.
You worshipped Gozag.
Gozag was aware of your devotion.
You visited 1 branch You collected 343 gold pieces.
You spent 66 gold pieces at shops.

Inventory:

Hand Weapons
 a - a +2 dagger (weapon)
Missiles
 d - 8 poisoned darts (quivered)
 e - 2 curare-tipped darts
 l - 48 stones
Armour
 b - a +0 robe (worn)
 c - a +0 cloak (worn)
 m - a +0 buckler
Jewellery
 j - the amulet of invisibility (around neck) {+Inv}
   (You found it in the Dungeon)

   [amulet of nothing]

   +Inv:      It lets you turn invisible.
Wands
 g - a wand of flame (10)
Scrolls
 k - a scroll of blinking
 o - a scroll of identify
Potions
 f - a potion of curing
 h - a potion of haste
 i - 2 potions of magic


   Skills:
 * Level 4.1 Fighting
 + Level 3.8 Short Blades
 + Level 4.3 Throwing
 * Level 6.5 Dodging
 * Level 17.2 Stealth
 * Level 5.9 Spellcasting
 * Level 3.7 Summonings
 * Level 6.5 Evocations


You had 14 spell levels left.
You knew the following spells:

 Your Spells              Type           Power      Damage    Failure   Level
a - Call Canine Familiar  Summ           12%        N/A       12%         3

Your spell library contained the following spells:

 Spells                   Type           Power      Damage    Failure   Level
 Summon Small Mammal      Summ           48%        N/A       3%          1
 Animate Skeleton         Necr           6%         N/A       19%         1
 Pain                     Necr           12%        1d4       19%         1
 Summon Guardian Golem    Hex/Summ       8%         N/A       26%         3
 Vampiric Draining        Necr           1%         2d6       50%         3


Dungeon Overview and Level Annotations

Branches:
Dungeon (1/1)

Altars:
Cheibriados
Dithmenos
Elyvilon
Gozag
Hepliaklqana
Kikubaaqudgha
Makhleb
Nemelex Xobeh
Okawaru
Qazlal
Ru
Sif Muna
Trog
Uskayaw
Vehumet
Wu Jian
Xom
Yredelemnul
Zin
The Shining One
Beogh
Jiyva
Lugonu

Shops:
D [*


Innate Abilities, Weirdness & Mutations

You are very small and have problems with some larger weapons.
You are too small for most types of armour.
You have supernaturally acute eyesight. (SInv)
You cover ground extremely quickly. (Speed+++)


Message History

Okay, then.
Okay, then.
Okay, then.
You fail to use your ability.
You fade into invisibility!
You are very lightly contaminated with residual magic.
There is an open door here.
You see here a book of Necromancy.
You pick up a book of Necromancy and begin reading...
You add the spells Pain, Animate Skeleton and Vampiric Draining to your library.
You see here a wand of flame (10).
g - a wand of flame (10)
You hit the burning bush but do no damage.
You hit the burning bush.
The burning bush is lightly damaged.
You hit the burning bush but do no damage.
The burning bush is lightly damaged.
You hit the burning bush but do no damage.
The burning bush throws fire at you. The puff of flame hits you!
You hit the burning bush.
The burning bush is lightly damaged.
The burning bush throws fire at you. The puff of flame misses you.
You hit the burning bush but do no damage.
The burning bush is lightly damaged.
You hit the burning bush but do no damage.
The burning bush is lightly damaged.
The burning bush throws fire at you. The puff of flame hits you!
You hit the burning bush but do no damage.
The burning bush is lightly damaged.
You hit the burning bush but do no damage.
The burning bush is lightly damaged.
You hit the burning bush but do no damage.
The burning bush is lightly damaged.
The burning bush throws fire at you. The puff of flame hits you!
You die...
Your body crumbles into a pile of gold.

##################******
._.⌠.#..'.))#....#*∩**,*
_._..'..#...#.$$P+$,**+*
._...#..###'##..@#*∩*$$****
_._..#..##∩∩.'..$#****,,,,*
._.⌠.#############****,,,∩*
######****,,,,$,***,,,,,*,*
$***,+,,+,,,,,,$+,+,,,*,,∩*
***,,*,,*,,,,,,,***********
,***,**+**,,,,,,*
*+,,$**,*********
******,,,,,****


You could see a burning bush.

Vanquished Creatures
  2 wandering mushrooms (D)
  3 scorpions (D)
  3 oklob saplings (D)
  2 spriggans (D)
  A river rat (D)
  A rat (D)
12 creatures vanquished.

Vanquished Creatures (others)
  A fungus (D)
1 creature vanquished.

Grand Total: 13 creatures vanquished

Notes
Turn   | Place    | Note
-------+----------+-------------------------------------------
     0 | D        | styxcanada the Spriggan Brigand began the quest for the
                  | Orb.
     0 | D        | Reached XP level 1. HP: 10/10 MP: 2/2
    17 | D        | Reached skill level 6 in Stealth
    19 | D        | Reached skill level 8 in Stealth
    19 | D        | Reached XP level 2. HP: 15/15 MP: 3/3
    38 | D        | Noticed an oklob sapling
    42 | D        | Killed an oklob sapling
    43 | D        | Reached skill level 9 in Stealth
    43 | D        | Reached skill level 1 in Spellcasting
    43 | D        | Reached XP level 3. HP: 18/18 MP: 3/6
    77 | D        | Learned a level 3 spell: Call Canine Familiar
   178 | D        | Noticed a scorpion
   178 | D        | Found the amulet of invisibility {+Inv}
   180 | D        | Killed a scorpion
   181 | D        | Reached skill level 11 in Stealth
   181 | D        | Reached skill level 1 in Summonings
   181 | D        | Reached XP level 4. HP: 23/23 MP: 6/8
   212 | D        | Found an opulent altar of Gozag.
   212 | D        | Found a hazy altar of Hepliaklqana.
   212 | D        | Found a burning altar of Makhleb.
   212 | D        | Found a sparkling altar of Nemelex Xobeh.
   212 | D        | Found a snail-covered altar of Cheibriados.
   212 | D        | Found a sacrificial altar of Ru.
   212 | D        | Found a shimmering blue altar of Sif Muna.
   212 | D        | Found a shimmering altar of Xom.
   212 | D        | Found a basalt altar of Yredelemnul.
   213 | D        | Found a viscous altar of Jiyva.
   213 | D        | Found a bloodstained altar of Trog.
   213 | D        | Found an ornate altar of the Wu Jian Council.
   214 | D        | Found an iron altar of Okawaru.
   214 | D        | Found a shadowy altar of Dithmenos.
   214 | D        | Found a glowing silver altar of Zin.
   215 | D        | Found an ancient bone altar of Kikubaaqudgha.
   215 | D        | Found a hide-covered altar of Uskayaw.
   216 | D        | Found a stormy altar of Qazlal.
   216 | D        | Found a white marble altar of Elyvilon.
   216 | D        | Found a glowing golden altar of the Shining One.
   217 | D        | Became a worshipper of Gozag Ym Sagoz the Greedy
   218 | D        | Found a corrupted altar of Lugonu.
   218 | D        | Found a radiant altar of Vehumet.
   222 | D        | Reached skill level 12 in Stealth
   222 | D        | Reached skill level 1 in Evocations
   222 | D        | Reached XP level 5. HP: 28/28 MP: 6/10
   282 | D        | Reached skill level 13 in Stealth
   289 | D        | Reached skill level 5 in Dodging
   289 | D        | Reached skill level 14 in Stealth
   291 | D        | Reached XP level 6. HP: 32/32 MP: 9/13
   330 | D        | Found Ohace's General Store.
   331 | D        | Found Olur's Antique Armour Emporium.
   337 | D        | Bought a scroll of magic mapping for 42 gold pieces
   337 | D        | Bought a scroll of identify for 24 gold pieces
   346 | D        | Noticed a burning bush
   346 | D        | Noticed a wandering mushroom
   347 | D        | Noticed a wandering mushroom
   551 | D        | Killed a wandering mushroom
   552 | D        | Reached skill level 16 in Stealth
   552 | D        | Reached skill level 5 in Spellcasting
   552 | D        | Reached skill level 5 in Evocations
   703 | D        | Killed a wandering mushroom
   704 | D        | Reached XP level 7. HP: 37/37 MP: 12/16
   707 | D        | Reached skill level 17 in Stealth
   962 | D        | Killed from afar by a burning bush

Illustrated notes

Levels and vault maps discovered:
D:        dungeon_sprint_fedhas [sprint_temple]

Skill      XL: |  1  2  3  4  5  6  7 |
---------------+----------------------+-----
Stealth        | 8 9 11 12 14 16 17 | 17.2
Dodging        | 2 3 4 5 6 |  6.5
Fighting       | 2 3 4 |  4.1
Spellcasting   | 1 2 4 5 |  5.9
Summonings     | 1 2 3 |  3.7
Throwing       | 3 4 |  4.3
Evocations     | 1 3 6 |  6.5
Short Blades   | 3 |  3.8

Action                   |  1- 3 |  4- 6 |  7- 9 || total
-------------------------+-------+-------+-------++-------
Melee: Dagger            |     7 |     7 |    23 ||    37
Throw: Dart              |     7 |       |       ||     7
 Abil: Evoke Invisibilit |       |     5 |     1 ||     6
  Use: Potion            |     1 |     1 |       ||     2
       Scroll            |       |     2 |       ||     2
 Stab: Sleeping          |     1 |     6 |       ||     7
       Invisible         |       |     1 |     1 ||     2
Armor: Robe              |     1 |       |       ||     1
Dodge: Dodged            |     2 |     1 |     1 ||     4
